 Dungeon Sprint DCSS version 0.17-a0-1150-g17b0b87 (webtiles) character file.

12891 nuthulu the Peltast (level 11, -2/123 HPs)
             Began as a Troll Fighter on May 27, 2015.
             Was the Champion of Cheibriados.
             Killed by the air
             ... invoked by a spriggan air mage
              (21 damage)
             ... in the Dungeon (Sprint V: "Ziggurat Sprint").
             The game lasted 00:09:04 (798 turns).

nuthulu the Peltast (Troll Fighter)                  Turns: 798, Time: 00:09:05

Health: -2/123     AC: 24    Str: 48    XL:     11   Next: 68%
Magic:  19/19      EV:  5    Int: 19    God:    Cheibriados [******]
Gold:   0          SH: 36    Dex: 29    Spells: 0 memorised, 10 levels left

rFire  + + .     SeeInvis .     J - +6 shillelagh "Devastator" {shatter}
rCold  + . .     Clarity  .     c - +5 gold dragon armour
rNeg   + . .     SustAt   .     K - +18 shield of the gong {rElec rN+ MR+ EV-5}
rPois  +         Gourm    +     (helmet restricted)
rElec  +         Spirit   .     (no cloak)
rCorr  .         Warding  .     (gloves unavailable)
rMut   .         NoTele   +     (boots unavailable)
MR     +....                    M - amulet of Igraon {Faith +Blink}
Stlth  ..........               O - ring "Etsi" {rF+ MP+9 Dex+5 Stlth+}
                                H - +6 ring of strength

@: grasped by roots, studying Bows, very slow, somewhat resistant to hostile
enchantments, extremely unstealthy
A: unfitting armour, claws 3, blurry vision 1, clumsy 1, fast metabolism 3,
gourmand, regeneration 2, shaggy fur 1, tough skin 2
a: Bend Time, Temporal Distortion, Slouch, Step From Time, Renounce Religion,
Evoke Blink


You were in the Dungeon.
You worshipped Cheibriados.
Cheibriados was exalted by your worship.
You were not hungry.

You visited 1 branch

Inventory:

Hand weapons
 a - a +0 flail
 J - the +6 shillelagh "Devastator" (weapon) {shatter}
   (You found it in the Dungeon)
Armour
 b - a +0 robe
 c - a +5 gold dragon armour (worn)
 K - the +18 shield of the gong (worn) {rElec rN+ MR+ EV-5}
   (You found it in the Dungeon)

   It affects your evasion (-5).
   It insulates you from electricity.
   It protects you from negative energy.
   It affects your resistance to hostile enchantments.
Jewellery
 o - an uncursed ring of wizardry
 D - a +6 ring of dexterity
 E - a +6 ring of dexterity
 F - a +6 ring of intelligence
 G - a +6 ring of intelligence
 H - a +6 ring of strength (left claw)
 I - a +6 ring of strength
 L - the amulet "Gibry" {-Tele rC+ Regen+ Dex+2}
   (You found it in the Dungeon)

   [amulet of regeneration]

   It affects your dexterity (+2).
   It protects you from cold.
   It prevents most forms of teleportation.
   It increases your rate of regeneration.
 M - the amulet of Igraon (around neck) {Faith +Blink}
   (You found it in the Dungeon)

   [amulet of faith]

   It allows you to gain divine favour quickly.
   It lets you blink.
 N - the ring "Icsoezxu" {rF+ Str+2}
   (You found it in the Dungeon)

   [ring of strength]

   It affects your strength (+2).
   It protects you from fire.
 O - the ring "Etsi" (right claw) {rF+ MP+9 Dex+5 Stlth+}
   (You found it in the Dungeon)

   [ring of dexterity]

   It affects your dexterity (+5).
   It protects you from fire.
   It affects your magic capacity (+9).
   It makes you more stealthy.
 P - the ring of Fiole {rElec rN+ Str+3}
   (You found it in the Dungeon)

   [ring of strength]

   It affects your strength (+3).
   It insulates you from electricity.
   It protects you from negative energy.
Magical devices
 y - a wand of disintegration (7)
 A - a wand of fire (5)
 B - a wand of cold (5)
 C - a wand of draining (5)
Scrolls
 k - 4 scrolls of blinking
 q - 4 scrolls of amnesia
 r - 3 scrolls of recharging
 s - 7 scrolls of fog
 t - 2 scrolls of holy word
 u - 5 scrolls of identify
 v - 5 scrolls of remove curse
 w - 2 scrolls of fear
 R - a scroll of brand weapon
Potions
 d - 7 potions of might
 f - 10 potions of curing
 g - 4 potions of heal wounds
 h - 6 potions of haste
 i - 7 potions of magic
 j - 3 potions of berserk rage
 l - 2 potions of brilliance
 m - 2 potions of invisibility
 n - 4 potions of resistance
 p - 5 potions of agility
Books
 Q - a manual of Bows
Comestibles
 e - 6 bread rations
 x - 41 fruits
 z - 3 meat rations


   Skills:
 * Level 12.2 Fighting
 * Level 10.9 Maces & Flails
 * Level 7.3 Armour
 - Level 7.2 Dodging
 * Level 16.5 Shields


You had 10 spell levels left.
You didn't know any spells.

Dungeon Overview and Level Annotations

Branches:
Dungeon (1/1)

Altars:
Ashenzari
Cheibriados
Dithmenos
Elyvilon
Fedhas
Gozag
Kikubaaqudgha
Makhleb
Nemelex Xobeh
Okawaru
Qazlal
Ru
Sif Muna
Trog
Vehumet
Xom
Yredelemnul
Zin
The Shining One
Beogh
Jiyva
Lugonu


Innate Abilities, Weirdness & Mutations

You are too large for most types of armour.
You have claws for hands.
Your metabolism is lightning-fast.
You like to eat raw meat.
You heal very quickly.
You are covered in fur (AC +1).
You have very tough skin (AC +2).
Scrolls take you a little longer to read.
You are clumsy. (Dex -2)


Message History

You block the spriggan air mage's attack.
PTOANNNG!
The dryad hits you.
* * * LOW HITPOINT WARNING * * *
You block the spriggan berserker's attack.
GONNNNG!
You sock the spriggan berserker!
There is a shattering impact!
The spriggan berserker is severely wounded.
The spriggan air mage is severely wounded.
The shambling mangrove is heavily damaged.
The spriggan berserker is severely wounded.
You block the dryad's attack.
SHROANNG!
You block the spriggan air mage's attack.
PTOANNNG!
You block the dryad's attack.
BONNNG!
The spriggan air mage waves its arms in wide circles.
The air twists around and strikes you!
You die...

▓..}))))..▓.
▓..%=}:...▓..[:)}...▓.
▓.......§.▓.........▓.
.........▓.........▓.
▓ ....... ▓.........▓.
▓. ..... .▓.........▓.
▓..▓...▓.§▓.........▓.
▓.▓.Rii.▓.▓.▓.....▓.▓.
▓...R@if..▓.........▓▓
▓▓▓▓▓▓▓▓▓▓▓▓▓▓▓▓▓▓▓▓▓


You could see a shambling mangrove, a spriggan berserker (berserk), 2 dryads and
2 spriggan air magi.

Vanquished Creatures
  A dire elephant (D)
  2 vault guards (D)
  A spriggan air mage (D)
  A spriggan berserker (D)
  A giant orange brain (D)
  2 deep elf conjurers (D)
  2 shining eyes (D)
  A vault sentinel (D)
  4 eyes of devastation (D)
  2 yaktaurs (D)
  A dryad (D)
  2 blue devils (D)
  A deep elf priest (D)
  2 freezing wraiths (D)
  2 slime creatures (D)
  A yak (shapeshifter) (D)
  2 deep elf magi (D)
  2 tarantellas (D)
  4 spriggans (D)
  A soldier ant (shapeshifter) (D)
  A hog (shapeshifter) (D)
  2 neqoxecs (D)
  2 wolves (D)
  An ice beast (D)
  2 nagas (D)
  An eye of draining (D)
  A black bear (D)
  A water moccasin (shapeshifter) (D)
  2 wasps (D)
  3 scorpions (D)
  4 orc priests (D)
  2 iron imps (D)
  2 adders (D)
  A shadow imp (D)
  2 white imps (D)
  2 oozes (D)
  2 ufetubi (D)
  An adder simulacrum (D)
  5 orcs (D)
  A bat simulacrum (D)
  A giant cockroach simulacrum (D)
74 creatures vanquished.

Vanquished Creatures (others)
  A spatial maelstrom (D)
1 creature vanquished.

Grand Total: 75 creatures vanquished

Notes
Turn   | Place    | Note
--------------------------------------------------------------
     0 | D        | nuthulu the Troll Fighter began the quest for the Orb.
     0 | D        | Reached XP level 1. HP: 22/22 MP: 0/0
     0 | D        | Found a roughly hewn altar of Beogh.
     0 | D        | Found a viscous altar of Jiyva.
     0 | D        | Found a corrupted altar of Lugonu.
     0 | D        | Found a white marble altar of Elyvilon.
     0 | D        | Found a sparkling altar of Nemelex Xobeh.
     1 | D        | Found a burning altar of Makhleb.
     1 | D        | Found an iron altar of Okawaru.
     1 | D        | Found a deep blue altar of Sif Muna.
     1 | D        | Found a radiant altar of Vehumet.
     1 | D        | Found a bloodstained altar of Trog.
     1 | D        | Found a shimmering altar of Xom.
     3 | D        | Banished a spatial maelstrom
   118 | D        | Became a worshipper of Cheibriados the Contemplative
   123 | D        | Reached skill level 4 in Fighting
   123 | D        | Reached XP level 2. HP: 29/32 MP: 1/1
   134 | D        | Entered arena 1.
   134 | D        | Noticed a tarantella
   134 | D        | Noticed a scorpion
   140 | D        | Killed a tarantella
   140 | D        | Reached skill level 5 in Fighting
   140 | D        | Reached skill level 5 in Dodging
   140 | D        | Reached skill level 5 in Shields
   140 | D        | Reached XP level 3. HP: 34/44 MP: 2/2
   140 | D        | Reached XP level 4. HP: 40/52 MP: 3/3
   140 | D        | Reached XP level 5. HP: 45/59 MP: 4/4
   140 | D        | Killed a scorpion
   140 | D        | Acquired Cheibriados's first power
   140 | D        | Reached skill level 6 in Fighting
   146 | D        | Entered arena 2.
   146 | D        | Noticed a tarantella
   146 | D        | Noticed a scorpion
   146 | D        | Noticed a scorpion
   161 | D        | Killed a scorpion
   166 | D        | Killed a tarantella
   166 | D        | Reached skill level 7 in Fighting
   166 | D        | Reached skill level 5 in Maces & Flails
   166 | D        | Reached XP level 6. HP: 26/71 MP: 5/5
   167 | D        | Killed a scorpion
   175 | D        | Got the amulet "Gibry" {-Tele rC+ Regen+ Dex+2}
   214 | D        | Entered arena 3.
   214 | D        | Noticed a naga
   214 | D        | Noticed a naga
   217 | D        | Killed a naga
   217 | D        | Acquired Cheibriados's second power
   217 | D        | Reached XP level 7. HP: 78/78 MP: 6/6
   218 | D        | Killed a naga
   218 | D        | Acquired Cheibriados's third power
   218 | D        | Reached skill level 1 in Armour
   218 | D        | Reached skill level 8 in Shields
   225 | D        | Entered arena 4.
   225 | D        | Noticed an orc priest
   225 | D        | Noticed an orc priest
   227 | D        | Killed an orc priest
   229 | D        | Killed an orc priest
   229 | D        | Acquired Cheibriados's fourth power
   232 | D        | Got the amulet of Igraon {Faith +Blink}
   238 | D        | Entered arena 5.
   238 | D        | Noticed an orc priest
   238 | D        | Noticed an orc priest
   240 | D        | Killed an orc priest
   240 | D        | Killed an orc priest
   246 | D        | Got the ring "Icsoezxu" {rF+ Str+2}
   251 | D        | Entered arena 6.
   251 | D        | Noticed a deep elf conjurer
   251 | D        | Noticed a deep elf conjurer
   251 | D        | Noticed a deep elf mage
   251 | D        | Noticed a deep elf priest
   251 | D        | Noticed a deep elf mage
   255 | D        | Killed a deep elf mage
   255 | D        | Reached skill level 9 in Shields
   258 | D        | Killed a deep elf conjurer
   258 | D        | Reached XP level 8. HP: 85/92 MP: 7/7
   258 | D        | Killed a deep elf priest
   258 | D        | Reached skill level 10 in Shields
   259 | D        | Killed a deep elf conjurer
   259 | D        | Reached XP level 9. HP: 81/101 MP: 8/8
   260 | D        | Killed a deep elf mage
   260 | D        | Reached skill level 11 in Shields
   274 | D        | Entered arena 7.
   274 | D        | Noticed a vault sentinel
   274 | D        | Noticed a vault guard
   274 | D        | Noticed a yaktaur
   274 | D        | Noticed a vault guard
   274 | D        | Noticed a yaktaur
   285 | D        | Killed a vault guard
   285 | D        | Reached skill level 10 in Fighting
   287 | D        | Killed a vault sentinel
   287 | D        | Reached skill level 12 in Shields
   287 | D        | Killed a yaktaur
   287 | D        | Killed a yaktaur
   288 | D        | Killed a vault guard
   288 | D        | Reached skill level 5 in Armour
   288 | D        | Reached skill level 13 in Shields
   288 | D        | Reached XP level 10. HP: 103/111 MP: 2/9
   337 | D        | Entered arena 8.
   337 | D        | Noticed a wolf
   337 | D        | Noticed a spriggan
   337 | D        | Noticed a spriggan rider
   337 | D        | Noticed a spriggan
   337 | D        | Noticed a black bear
   337 | D        | Noticed a spriggan rider
   337 | D        | Noticed a wolf
   338 | D        | Killed a wolf
   339 | D        | Killed a wolf
   339 | D        | Killed a spriggan
   345 | D        | Killed a spriggan
   350 | D        | Killed a spriggan
   355 | D        | Killed a spriggan rider
   355 | D        | Killed a wasp
   355 | D        | Killed a black bear
   359 | D        | Killed a wasp
   359 | D        | Reached skill level 14 in Shields
   376 | D        | Entered arena 9.
   376 | D        | Noticed a neqoxec
   376 | D        | Noticed a shining eye
   376 | D        | Noticed a hog
   376 | D        | Noticed a neqoxec
   376 | D        | Noticed a yak
   376 | D        | Noticed a raven
   376 | D        | Noticed a shining eye
   376 | D        | Noticed a golden eye
   376 | D        | a raven changed into a water moccasin
   379 | D        | Killed a hog
   379 | D        | Noticed a black mamba
   379 | D        | a golden eye changed into a black mamba
   380 | D        | a black mamba changed into a shapeshifter
   382 | D        | Killed a shining eye
   384 | D        | Gained mutation: Scrolls take you a little longer to read. [a neqoxec]
   385 | D        | Killed a yak
   386 | D        | Gained mutation: You are clumsy. (Dex -2) [a neqoxec]
   387 | D        | Killed a neqoxec
   390 | D        | Killed a shining eye
   391 | D        | Killed a neqoxec
   402 | D        | Got the ring "Etsi" {rF+ MP+9 Dex+5 Stlth+}
   457 | D        | Entered arena 10.
   457 | D        | Noticed a blue devil
   457 | D        | Noticed an ice beast
   457 | D        | Noticed a freezing wraith
   457 | D        | Noticed a freezing wraith
   457 | D        | Noticed a blue devil
   470 | D        | Killed a freezing wraith
   477 | D        | Killed a blue devil
   477 | D        | Reached XP level 11. HP: 91/120 MP: 10/10
   486 | D        | Killed a blue devil
   486 | D        | Reached skill level 15 in Shields
   487 | D        | Killed an ice beast
   487 | D        | Killed a freezing wraith
   495 | D        | Got the ring of Fiole {rElec rN+ Str+3}
   601 | D        | Entered arena 11.
   601 | D        | Noticed an eye of devastation
   601 | D        | Noticed an eye of devastation
   601 | D        | Noticed an eye of devastation
   601 | D        | Noticed a giant orange brain
   602 | D        | Noticed a slime creature
   602 | D        | Noticed a slime creature
   602 | D        | Noticed an eye of draining
   602 | D        | Noticed an eye of devastation
   607 | D        | Killed a giant orange brain
   617 | D        | Killed an eye of devastation
   617 | D        | Reached skill level 10 in Maces & Flails
   619 | D        | Killed an eye of draining
   627 | D        | Killed an eye of devastation
   639 | D        | Killed an eye of devastation
   642 | D        | Killed a slime creature
   648 | D        | Killed a slime creature
   652 | D        | Killed an eye of devastation
   779 | D        | Entered arena 12.
   779 | D        | Noticed a dryad
   779 | D        | Noticed a spriggan air mage
   779 | D        | Noticed a dire elephant
   779 | D        | Noticed a dryad
   779 | D        | Noticed a spriggan air mage
   780 | D        | Noticed a spriggan air mage
   780 | D        | Noticed a shambling mangrove
   780 | D        | Noticed a spriggan berserker
   781 | D        | Noticed a spriggan berserker
   782 | D        | Noticed a dryad
   786 | D        | Noticed a death yak
   789 | D        | Killed a dire elephant
   789 | D        | Reached skill level 16 in Shields
   793 | D        | Killed a spriggan air mage
   795 | D        | Killed a dryad
   796 | D        | Killed a spriggan berserker
   798 | D        | Killed from afar by a spriggan air mage

Vault maps used:
D:        sprint_v

Action                   |  1- 3 |  4- 6 |  7- 9 | 10-12 || total
-------------------------+-------+-------+-------+-------++-------
Melee: Shillelagh        |     4 |    21 |    24 |   119 ||   168
  Use: Potion            |     1 |       |       |     6 ||     7
  Eat: Meat ration       |       |       |       |     1 ||     1
       Fruit             |       |       |       |     1 ||     1
